 Dungeon Sprint DCSS version 0.19-a0-829-g23a5e41 (webtiles) character file.

10500000 Groucho the Intangible (level 27, -63/149 HPs)
             Began as a Felid Transmuter on June 30, 2016.
             Was the Champion of Makhleb.
             Annihilated by a meat berserker
             ... wielding a +9 battleaxe
              (67 damage)
             ... in the Dungeon (Sprint VIII: "Arena of Blood").
             The game lasted 00:04:31 (105 turns).

Groucho the Intangible (Felid Transmuter)            Turns: 105, Time: 00:04:31

Health: -63/149    AC:  3    Str:  6    XL:     27
Magic:  55/55      EV: 44    Int: 17    God:    Makhleb [******]
Gold:   0          SH:  0    Dex: 27    Spells: 1 memorised, 79 levels left
                                        Lives:  0   Deaths: 3

rFire  . . .     SeeInvis +       - Unarmed
rCold  + . .     Gourm    .     (armour unavailable)
rNeg   . . .     Faith    .     (shield unavailable)
rPois  .         Spirit   .     (helmet unavailable)
rElec  .         Dismiss  .     (cloak unavailable)
rCorr  .         Reflect  .     (gloves unavailable)
SustAt .         Harm     .     (boots unavailable)
MR     ++++.     NoTele   +     (no amulet)
Stlth  ++++++++++               (no ring)
                                j - +27000 ring of slaying

@: quick, incredibly resistant to hostile enchantments, uncannily stealthy
A: no armour, no weapons or thrown items, claws 1, fangs 3, see invisible,
carnivore 3, speed 1, shaggy fur 3, slow metabolism 1, sharp paws
a: Minor Destruction, Lesser Servant of Makhleb, Major Destruction, Greater
Servant of Makhleb, Renounce Religion


You were in the Dungeon.
You worshipped Makhleb.
Makhleb was exalted by your worship.
You were not hungry.

You visited 1 branch

Inventory:

Missiles
 a - 12 arrows
Jewellery
 j - a +27000 ring of slaying (left paw)
Scrolls
 i - a scroll of blinking
Potions
 d - a potion of curing
 e - a potion of heal wounds
 g - 2 potions of magic
 h - a potion of berserk rage
Books
 b - a book of Changes

   Spells                             Type                      Level
   a - Beastly Appendage              Transmutation                1
   b - Sticks to Snakes               Transmutation                2
   c - Spider Form                    Transmutation/Poison         3
   d - Ice Form                       Ice/Transmutation            4
   e - Blade Hands                    Transmutation                5
Comestibles
 c - a meat ration


   Skills:
 O Level 27 Fighting
 O Level 27 Dodging
 O Level 27 Stealth
 O Level 27 Unarmed Combat
 O Level 27 Spellcasting
 O Level 27 Transmutations
 O Level 27 Invocations


You had 79 spell levels left.
You knew the following spells:

 Your Spells              Type           Power        Failure   Level  Hunger
a - Beastly Appendage     Tmut           ######       0%          1    None


Dungeon Overview and Level Annotations

Branches:
Dungeon (1/1)

Altars:
Makhleb

Annotations:
D The Captor


Innate Abilities, Weirdness & Mutations

You cannot wear armour.
You are incapable of wielding weapons or throwing items.
You have sharp claws.
You have razor-sharp teeth.
You have supernaturally acute eyesight. (SInv)
You are carnivorous and can eat meat at any time.
You cover ground quickly.
Your thick and shaggy fur keeps you warm. (AC +3, rC+)
You have a slow metabolism.
Your sharp claws are effective at attacking unaware monsters.


Message History

* * * LOW HITPOINT WARNING * * *
The bag of meat convulses!
The meat berserker convulses!
The bag of meat convulses! 2 crawling corpses come into view.
Unknown command.
You eviscerate the meat beast!!!!!!!!!
You kill the meat beast!
Makhleb accepts your kill.
You hear a shout! x2
The large abomination completely misses you.
You hear a shout! x2
The eight-headed meat hydra calls on the powers of darkness!
The eight-headed meat hydra convulses!
The bag of meat convulses! x3
The meat berserker convulses!
The bag of meat convulses! x4
Your body is wracked with pain!
* * * LOW HITPOINT WARNING * * *
The meat berserker convulses!
The bag of meat convulses!
Two crawling corpses merge to form a small abomination.
The meat berserker hits you with a +9 battleaxe!!!
You die...

..........ooo#o..# ..
.....X.o....#o...# .#.
...ยง..oW..##.....# #...
#zXoXWW.O#..o...#. ....D
xzzWxoOO.#o..###..
...Xo##X#XO.o)..........


ooLoXoOoL.x.o....... . .####XzOO#oo..o####.. .....oX@)Vxo..x..#
#....x..Ox........... ####.....o.=.......## ################# You could see a
tentacled monstrosity, 2 tyrants, an eight-headed meat hydra, a destroyer, 4
sculptors of flesh, 8 large abominations, 2 wretched souls, 2 dreads, 8 meat
berserkers, 4 small abominations, 18 bags of meat and 3 crawling corpses.

Vanquished Creatures
  3 hell beasts (D)
  2 greater mummies (D)
  5 vampire knights (D)
  22 ogres (D)
  3 liches (D)
  25 orcs (D)
  A hill giant (D)
  3 skeletal warriors (D)
  3 large abominations (D)
  A crawling corpse (D)
68 creatures vanquished.

Notes
Turn   | Place    | Note
--------------------------------------------------------------
     0 | D        | Groucho the Felid Transmuter began the quest for the Orb.
     0 | D        | Reached XP level 1. HP: 9/9 MP: 4/4
     3 | D        | Noticed a bag of meat
     3 | D        | Became a worshipper of Makhleb the Destroyer
     4 | D        | Noticed a bag of meat
     4 | D        | Noticed a bag of meat
     6 | D        | Noticed a bag of meat
     9 | D        | Killed a bag of meat
     9 | D        | Reached XP level 2. HP: 24/24 MP: 3/13
     9 | D        | Reached XP level 3. HP: 27/27 MP: 3/14
     9 | D        | Reached XP level 4. HP: 31/31 MP: 3/16
     9 | D        | Reached XP level 5. HP: 35/35 MP: 3/17
     9 | D        | Gained mutation: You are covered in thick fur. (AC +2) [Felid growth]
     9 | D        | Reached XP level 6. HP: 39/39 MP: 3/19
     9 | D        | Reached XP level 7. HP: 43/43 MP: 3/20
     9 | D        | Reached XP level 8. HP: 47/47 MP: 3/22
     9 | D        | Reached XP level 9. HP: 51/51 MP: 3/23
     9 | D        | Reached XP level 10. HP: 55/55 MP: 3/24
     9 | D        | Reached XP level 11. HP: 58/58 MP: 3/25
    10 | D        | Noticed a bag of meat
    10 | D        | Killed a bag of meat
    10 | D        | Reached * piety under Makhleb
    10 | D        | Reached skill level 15 in Fighting
    10 | D        | Reached skill level 15 in Stealth
    10 | D        | Reached skill level 15 in Unarmed Combat
    10 | D        | Reached skill level 10 in Spellcasting
    10 | D        | Gained mutation: Your thick and shaggy fur keeps you warm. (AC +3, rC+) [Felid growth]
    10 | D        | Reached XP level 12. HP: 65/65 MP: 3/27
    11 | D        | Noticed a meat berserker
    11 | D        | Killed a bag of meat
    11 | D        | Reached XP level 13. HP: 71/71 MP: 3/29
    13 | D        | Killed a meat berserker
    13 | D        | Reached ** piety under Makhleb
    13 | D        | Reached XP level 14. HP: 78/78 MP: 3/31
    14 | D        | Killed a bag of meat
    14 | D        | Reached XP level 15. HP: 83/83 MP: 3/33
    15 | D        | Noticed a meat berserker
    17 | D        | Killed a meat berserker
    17 | D        | Reached *** piety under Makhleb
    18 | D        | Reached skill level 15 in Spellcasting
    18 | D        | Reached XP level 16. HP: 91/91 MP: 4/36
    20 | D        | Noticed a meat berserker
    22 | D        | Noticed a destroyer
    25 | D        | Noticed a meat berserker
    25 | D        | Killed a meat berserker
    25 | D        | Reached skill level 27 in Dodging
    27 | D        | Killed a destroyer
    27 | D        | Reached **** piety under Makhleb
    27 | D        | Reached XP level 17. HP: 100/100 MP: 5/40
    28 | D        | Noticed a meat berserker
    30 | D        | Noticed a large bag of meat
    32 | D        | Killed a meat berserker
    32 | D        | Reached XP level 18. HP: 101/108 MP: 6/44
    33 | D        | Killed a meat berserker
    33 | D        | Reached ***** piety under Makhleb
    33 | D        | Reached skill level 27 in Fighting
    33 | D        | Reached skill level 27 in Stealth
    33 | D        | Reached skill level 27 in Unarmed Combat
    33 | D        | Reached skill level 27 in Transmutations
    34 | D        | Reached skill level 27 in Spellcasting
    34 | D        | Reached skill level 5 in Invocations
    35 | D        | Noticed a sculptor of flesh
    36 | D        | Reached skill level 15 in Invocations
    36 | D        | Reached XP level 19. HP: 113/113 MP: 7/51
    37 | D        | Noticed a meat berserker
    37 | D        | Noticed a destroyer
    38 | D        | Noticed a meat berserker
    38 | D        | Killed a large bag of meat
    39 | D        | Killed a meat berserker
    40 | D        | Reached ****** piety under Makhleb
    40 | D        | Reached skill level 27 in Invocations
    41 | D        | Reached XP level 20. HP: 118/118 MP: 8/52
    42 | D        | Noticed a destroyer
    42 | D        | Killed a meat berserker
    44 | D        | Noticed a meat berserker
    45 | D        | Noticed a meat berserker
    45 | D        | Noticed a destroyer
    47 | D        | Noticed a tyrant
    47 | D        | Killed a destroyer
    47 | D        | Reached XP level 21. HP: 122/122 MP: 9/53
    49 | D        | Killed a destroyer
    52 | D        | Reached XP level 22. HP: 127/127 MP: 10/54
    53 | D        | Noticed a tyrant
    54 | D        | Killed a destroyer
    55 | D        | Noticed an accursed
    55 | D        | Reached XP level 23. HP: 131/131 MP: 10/55
    56 | D        | Noticed a tyrant
    57 | D        | Killed a tyrant
    62 | D        | Noticed a destroyer
    62 | D        | Noticed The Captor
    62 | D        | Killed a tyrant
    62 | D        | Reached XP level 24. HP: 136/136 MP: 12/55
    65 | D        | Noticed a meat beast
    66 | D        | Killed a tyrant
    67 | D        | Killed a meat beast
    67 | D        | Reached XP level 25. HP: 140/140 MP: 13/55
    68 | D        | Noticed a dread
    72 | D        | Noticed a dread
    72 | D        | Annihilated by a meat berserker
    73 | D        | Reached XP level 24. HP: -43/136 MP: 14/55
    73 | D        | Noticed a destroyer
    74 | D        | Noticed an accursed
    74 | D        | Killed a destroyer
    75 | D        | Reached XP level 25. HP: 112/140 MP: 55/55
    76 | D        | Noticed a destroyer
    80 | D        | Reached XP level 26. HP: 87/145 MP: 55/55
    82 | D        | Noticed a destroyer
    84 | D        | Noticed a meat beast
    85 | D        | Noticed a destroyer
    85 | D        | HP: 1/145 [accursed (11)]
    86 | D        | Killed an accursed
    86 | D        | Reached XP level 27. HP: 54/149 MP: 55/55
    86 | D        | Annihilated by a meat berserker
    86 | D        | Noticed a meat beast
    87 | D        | Reached XP level 26. HP: -27/145 MP: 55/55
    89 | D        | Noticed a tyrant
    91 | D        | Killed an accursed
    93 | D        | Killed a meat beast
    93 | D        | Reached XP level 27. HP: 149/149 MP: 55/55
    95 | D        | Annihilated by a meat berserker
    96 | D        | Reached XP level 26. HP: -24/145 MP: 55/55
    96 | D        | Noticed a tyrant
   100 | D        | Reached XP level 27. HP: 149/149 MP: 55/55
   104 | D        | HP: 7/149 [meat berserker/+9 battleaxe (60)]
   105 | D        | Killed a meat beast
   105 | D        | Annihilated by a meat berserker

Vault maps used:
D:        meatsprint

Skill      XL: |  1  2  3  4  5  6  7  8  9 10 11 12 13 14 15 16 17 18 19 |
---------------+----------------------------------------------------------+-----
Fighting       | 13 15 16 18 19 21 24 26 27 | 27.0
Dodging        | 16 19 20 22 23 26 27 | 27.0
Stealth        | 13 15 16 18 19 21 24 26 27 | 27.0
Unarmed Combat | 13 15 16 18 19 21 24 26 27 | 27.0
Spellcasting   | 9 10 11 12 13 15 18 21 27 | 27.0
Transmutations | 14 16 17 19 20 23 25 26 27 | 27.0
Invocations    | 15 27 | 27.0

Action                   |  1- 3 |  4- 6 |  7- 9 | 10-12 | 13-15 | 16-18 | 19-21 | 22-24 | 25-27 || total
-------------------------+-------+-------+-------+-------+-------+-------+-------+-------+-------++-------
Melee: Unarmed           |     1 |       |       |     2 |     4 |     7 |    15 |    15 |    26 ||    70
 Cast: Beastly Appendage |     1 |       |       |       |       |     1 |       |       |       ||     2
  Use: Potion            |       |       |       |       |       |       |       |       |     1 ||     1
Armor: Skin              |       |       |       |       |       |       |       |       |     1 ||     1
Dodge: Dodged            |       |       |       |       |     1 |       |     3 |     4 |    15 ||    23
